 Dungeon Crawl Stone Soup version 0.29-a0-866-g0545e20025 (webtiles) character file.

Game seed: 6463051958822614240

273 Malachi the Magician (level 6, -3/42 HPs)
             Began as a Djinni Wanderer on July 16, 2022.
             Slain by Pikel
             ... wielding a +0 whip of electrocution
              (19 damage)
             ... on level 4 of the Dungeon on July 17, 2022.
             The game lasted 00:05:05 (3273 turns).

Malachi the Magician (Djinni Wanderer)              Turns: 3273, Time: 00:05:06

Health: -3/42      AC:  4    Str: 10    XL:     6   Next: 48%
Gold:   206        EV: 11    Int: 15    God:
                   SH:  0    Dex: 14

rFire   + + .      SeeInvis .   s - +4 quarterstaff (chaos)
rCold   x . .      Faith    .   (shield currently unavailable)
rNeg    . . .      Spirit   .   e - +0 robe
rPois   ∞          Reflect  .   (no helmet)
rElec   .          Harm     .   t - +0 cloak
rCorr   .          Rampage  .   f - +0 pair of gloves
Will    .....                   (boots unavailable)
Stlth   ++........              i - amulet of regeneration
HPRegen 0.94/turn               j - +4 ring of protection
MPRegen 0.00/turn               (no ring)

@: corroded, flying
A: sickness immunity, fire resistance 2, cold vulnerability 1, float, innate
caster, HP casting, extra vitality 1
a: no special abilities


You were on level 4 of the Dungeon.
You visited 1 branch of the dungeon, and saw 4 of its levels.

You collected 206 gold pieces.

Inventory:

Hand Weapons
 a - a +0 sling
 c - a +0 dagger
 s - a +4 quarterstaff of chaos (weapon)
Missiles
 b - 10 boomerangs (quivered)
Armour
 e - a +0 robe (worn)
 f - a +0 pair of gloves (worn)
 t - a +0 cloak (worn)
Jewellery
 i - an amulet of regeneration (around neck)
 j - a +4 ring of protection (left hand)
Scrolls
 g - 2 scrolls of fog {unknown}
 h - 2 scrolls of immolation {unknown}
 k - 3 scrolls of identify {unknown}
 l - 2 scrolls of fear {unknown}
 m - a scroll of brand weapon {unknown}
 o - a scroll of magic mapping {unknown}
 p - 2 scrolls of enchant armour {unknown}
Potions
 d - 3 potions of attraction
 n - a potion of invisibility {unknown}
 q - a potion of lignification {unknown}
 r - a potion of curing {unknown}


   Skills:
 - Level 1.1 Fighting
 - Level 2.4 Ranged Weapons
 - Level 1.6 Throwing
 - Level 1.1 Stealth
 * Level 4.7 Spellcasting


You had 3 spell levels left.
You knew the following spells:

 Your Spells              Type           Power      Damage    Failure   Level
a - Necrotise             Necr           68%        1d7       2%          1
b - Vampiric Draining     Necr           17%        2d7       7%          3
c - Dispel Undead         Necr           17%        3d10      24%         4
d - Sting                 Tmut/Pois      68%        1d6       2%          1
e - Call Imp              Summ           17%        N/A       3%          2

Your spell library contained the following spells:

 Spells                   Type           Power      Damage    Failure   Level


Dungeon Overview and Level Annotations

Branches:
Dungeon (4/15)
 Temple: D:4-7

Altars:

Annotations:
D:4 Pikel


Innate Abilities, Weirdness & Mutations

You are immune to sickness and miasma.
You are immune to poison.
Your flesh is very heat resistant. (rF++)
You are vulnerable to cold. (rC-)
You float through the air rather than walking.
You learn spells naturally, not from books.
Your magical power is your life essence.
You have superior vitality. (+4 MHP)


Message History

The lemure barely misses you. The lemure hits you but does no damage.
You sock the lemure!
You kill the lemure!
That felt strangely unrewarding.
You sock the jelly!
The jelly seems to grow stronger.
The acid corrodes you!
Your hands burn!
The jelly is severely wounded.
The jelly closely misses you.
You hit the jelly.
You kill the jelly!
Pikel barely misses you.
You barely miss Pikel. Pikel misses you.
You closely miss Pikel. Pikel closely misses you.
You hit Pikel. You burn Pikel.
Pikel is lightly wounded.
Pikel completely misses you.
Pikel hits you with a +0 whip of electrocution!
You hit Pikel. You burn Pikel.
Pikel is lightly wounded.
Pikel hits you but does no damage.
You are electrocuted!
You hit Pikel.
Pikel is lightly wounded.
Pikel misses you.
You sock Pikel!
Pikel is moderately wounded.
Pikel closely misses you.
You barely miss Pikel.
Pikel is moderately wounded.
Pikel hits you with a +0 whip of electrocution.
Pikel closely misses you.
Cast which spell? (? or * to list)
Okay, then.
Cast which spell? (? or * to list)
Aiming: Vampiric Draining (dangerous; 7% risk of failure)
Press: ? - help, Shift-Dir - straight line, f - Pikel
Aim: Pikel, wielding a +0 whip of electrocution and wearing a +0 robe (moderately wounded)
You draw life force from Pikel.
You feel life coursing into your body.
You hear the slow rusting of a drain nearby.
Pikel hits you but does no damage.
You are electrocuted!!
You die...

#.#.# #... #.#.# #.5#
#.#[# #..## #.#.##
#.K.# #.#.##.##..#
#.#.##...K.#
###.#.#####..#
#.....#####5.#
##.#####.......@K5K.#
..)..........######.#
########.....##### .#
#.......... .#
#####.########..
#.....<.........
#.###.########..#
.... ..# #.###


You could see Pikel, 2 lemures and a kobold.

Vanquished Creatures
  A lemure (D:4)
  A jelly (D:4)
  Crazy Yiuf (D:3)
  Natasha (twice) (D:2)
  A gnoll (D:1)
  8 adders
  3 worms
  3 dart slugs
  3 orcs (D:3)
  6 bats
  5 endoplasms
  A giant cockroach (D:1)
  4 goblins
  4 hobgoblins
  6 jackals
  8 kobolds
  7 ball pythons
  5 frilled lizards
  5 rats
74 creatures vanquished.

Notes
Turn   | Place    | Note
-------+----------+-------------------------------------------
     0 | D:1      | Malachi the Djinni Wanderer began the quest for the Orb.
     0 | D:1      | Malachi set off with the following items: a +0 sling, 10
                  | boomerangs, a +0 dagger, a potion of attraction, a +0
                  | robethe following spells memorised: Necrotise, Vampiric
                  | Draining, Dispel Undead.
     0 | D:1      | Reached XP level 1. HP: 17/17 MP: 0/0
   146 | D:1      | Reached XP level 2. HP: 22/22 MP: 0/0
   334 | D:1      | Found a faded altar of an unknown god.
   337 | D:1      | Reached skill level 2 in Spellcasting
   444 | D:1      | Reached XP level 3. HP: 27/27 MP: 0/0
   444 | D:1      | Learned a level 1 spell: Sting
  1415 | D:2      | Reached XP level 4. HP: 32/32 MP: 0/0
  1456 | D:2      | Reached skill level 3 in Spellcasting
  1708 | D:2      | Noticed Natasha
  1715 | D:2      | Killed Natasha
  1716 | D:2      | Reached XP level 5. HP: 33/37 MP: 0/0
  1716 | D:2      | Learned a level 2 spell: Call Imp
  1882 | D:2      | Noticed Natasha
  1889 | D:2      | Killed Natasha
  2191 | D:3      | Reached skill level 4 in Spellcasting
  2443 | D:3      | Reached XP level 6. HP: 40/42 MP: 0/0
  2965 | D:3      | Found a runed translucent door.
  2966 | D:3      | Noticed Crazy Yiuf
  3116 | D:3      | Killed Crazy Yiuf
  3252 | D:4      | Noticed Pikel
  3273 | D:4      | Slain by Pikel

Illustrated notes

Levels and vault maps discovered:
D:1:      dpeg_arrival_water_fire, layout_basic, ebering_ecumenical_altar_rust
D:2:      layout_basic, uniq_natasha
D:3:      layout_loops_corners, minmay_fractal_squares_5,
          uniq_crazy_yiuf_cottage
D:4:      layout_loops_ring, cheibrodos_sewer_entry_drain, uniq_pikel

Skill      XL: |  1  2  3  4  5 |
---------------+----------------+-----
Spellcasting   | 2 3 4 |  4.7
Fighting       | |  1.1
Ranged Weapons | |  2.4
Throwing       | |  1.6
Stealth        | |  1.1

Action                   |  1- 3 |  4- 6 || total
-------------------------+-------+-------++-------
Melee: Quarterstaff      |       |    15 ||    15
 Fire: Sling             |    96 |   189 ||   285
Throw: Boomerang         |       |     1 ||     1
 Cast: Sting             |     2 |    12 ||    14
       Vampiric Draining |       |     4 ||     4
       Call Imp          |       |     4 ||     4
Armor: Robe              |     9 |    73 ||    82
Dodge: Dodged            |    30 |   109 ||   139

Table legend: (Time is in decaauts)
 A = Elapsed time spent in this place.
 B = Non-inter-level travel time spent in this place.
 C = Inter-level travel time spent in this place.
 D = Time resting spent in this place.
 E = Time spent auto-exploring this place.
 F = Levels seen in this place.
 G = Mean time per level.
                   A        B        C        D        E       F      G
               +--------+--------+--------+--------+--------+-----+--------+
         Total |   3355 |   3132 |    223 |      0 |   2509 |   4 |  838.8 |
       Dungeon |   3355 |   3132 |    223 |      0 |   2509 |   4 |  838.8 |
               +--------+--------+--------+--------+--------+-----+--------+

Top non-repeatable levels by time:
     D:1: 1244 daAuts
     D:3: 1129 daAuts
     D:2: 931 daAuts
     D:4: 49 daAuts
